Map: Lightshade LE

Players

Leo (LeoRusher)

  • Race: Protoss Protoss
  • League: Grandmaster
  • Spawn Location: 5:00

RiSky - Winner!

  • Race: Zerg Zerg
  • Spawn Location: 11:00

Event: DreamHack SC2 Masters 2020 Winter

VOD

Have the link to the VOD?

Description

Time

  • Played on: Oct. 18, 2020, 1:38 a.m.
  • Length: 8:25

All games in this series

Show
View Real Time Build Order
Export as new Build Order

Leo Protoss 

Build Orders: 1 Gate Expand, Mass Adepts 

Get SALT Encoding   

  12  0:00  Probe  
  13  0:12  Probe  
  14  0:20  Pylon  
  14  0:24  Probe  
  15  0:38  Probe (Chrono Boost)  
  15  0:42  Gateway  
  17  0:50  Probe (Chrono Boost)  
  17  0:51  Assimilator  
  17  0:55  Probe (Chrono Boost)  
  18  1:04  Probe  
  19  1:16  Probe  
  20  1:26  Nexus  
  20  1:37  Cybernetics Core  
  20  1:39  Probe  
  21  1:49  Assimilator  
  21  1:51  Probe  
  22  1:58  Pylon  
  22  2:03  Probe  
  23  2:14  Adept (Chrono Boost)  
  23  2:17  Probe (Chrono Boost)  
  23  2:18  Warp Gate  
  26  2:27  Probe (Chrono Boost)  
  27  2:31  Twilight Council  
  27  2:32  Probe (Chrono Boost)  
  27  2:35  Stalker (Chrono Boost)  
  28  2:39  Probe  
  28  2:43  Probe  
  32  2:52  Probe  
  32  2:55  Robotics Facility  
  32  2:57  Probe  
  34  3:04  Probe  
  35  3:07  Gateway  
  35  3:12  Resonating Glaives (Chrono Boost)  
  35  3:17  Probe  
  35  3:18  Adept  
  38  3:21  Probe  
  39  3:31  Gateway  
  37  3:34  Gateway  
  39  3:41  Warp Prism (Chrono Boost)  
  39  3:49  Gateway  
  39  3:53  Gateway  
  39  3:59  Pylon  
  39  4:06  Adept x2  
  39  4:08  Pylon  
  39  4:09  Probe  
  44  4:15  Pylon  
  44  4:30  Adept x4  
  52  4:46  Pylon  
  52  4:47  Adept  
  52  4:49  Adept  
  52  4:50  Adept x2  
  52  4:51  Adept  
  52  4:52  Adept  
  62  5:00  Warp Prism  
  60  5:34  Immortal (Chrono Boost)  
  58  5:41  Adept x5  
  58  5:42  Adept  
  58  5:54  Assimilator  
  58  5:57  Gateway, Probe x2  
  60  5:58  Gateway  
  60  6:03  Immortal (Chrono Boost)  
  60  6:10  Probe x2  
  66  6:14  Adept  
  66  6:15  Adept  
  70  6:20  Pylon  
  70  6:21  Pylon  
  70  6:22  Adept x2  
  74  6:27  Adept  
  76  6:34  Pylon  
  76  6:35  Adept  
  78  6:44  Pylon  
  78  6:50  Adept x4  
  78  6:53  Adept  
  86  7:13  Adept x6  
  64  7:28  Immortal (Chrono Boost)  
  52  7:35  Adept x2  
  54  7:39  Adept  
  54  7:42  Adept  
  58  7:46  Adept  
  58  7:49  Adept  
  62  7:54  Adept  
  62  7:58  Adept  
  62  8:14  Pylon  
  62  8:19  Adept x3  
  56  8:20  Adept  
Show
View Real Time Build Order
Export as new Build Order

RiSky Zerg - Winner!

Build Orders: Hatch First 

Get SALT Encoding   

  12  0:00  Drone  
  13  0:12  Overlord  
  13  0:17  Drone  
  14  0:30  Drone x2  
  16  0:45  Drone  
  17  0:53  Hatchery  
  17  0:56  Drone  
  17  0:58  Drone  
  18  1:10  Extractor  
  17  1:13  Spawning Pool  
  17  1:18  Drone  
  17  1:21  Drone  
  18  1:28  Drone  
  19  1:38  Drone  
  20  1:49  Overlord  
  20  2:01  Queen  
  20  2:05  Queen, Zergling x2  
  20  2:06  Zergling x2  
  26  2:11  Drone  
  26  2:13  Metabolic Boost  
  27  2:16  Drone  
  28  2:25  Drone  
  28  2:29  Drone  
  30  2:36  Drone  
  31  2:39  Drone  
  32  2:45  Hatchery  
  32  2:47  Queen  
  33  2:53  Overlord  
  33  2:57  Zergling x2  
  34  3:03  Drone  
  34  3:04  Drone  
  36  3:10  Drone  
  36  3:12  Drone x2  
  38  3:17  Drone  
  38  3:18  Overlord  
  39  3:20  Drone  
  39  3:29  Drone  
  39  3:32  Drone, Extractor, Roach Warren  
  38  3:36  Drone  
  38  3:39  Queen  
  41  3:42  Drone  
  41  3:43  Drone  
  41  3:44  Drone  
  44  3:48  Drone x2  
  46  3:57  Drone x2  
  46  3:58  Drone  
  46  4:00  Drone x2  
  46  4:02  Overlord  
  51  4:04  Overlord  
  51  4:15  Roach x3  
  57  4:20  Zergling x8  
  57  4:23  Zergling x2  
  62  4:31  Zergling x2  
  62  4:32  Zergling x8  
  62  4:35  Ravager x3  
  62  4:37  Zergling x2  
  71  4:43  Zergling x4  
  73  4:46  Overlord  
  73  4:50  Overlord  
  73  5:06  Zergling x20  
  64  5:15  Roach x2  
  64  5:18  Roach x3  
  72  5:28  Roach x5  
  72  5:36  Zergling x6  
  72  5:42  Zergling x4  
  68  5:44  Ravager  
  69  5:50  Drone x3  
  72  6:01  Drone x2  
  72  6:03  Drone x2  
  76  6:05  Ravager  
  77  6:12  Overlord  
  77  6:14  Overlord  
  77  6:16  Drone  
  77  6:17  Drone x2  
  80  6:21  Ravager  
  80  6:24  Overlord  
  81  6:32  Ravager  
  82  6:33  Zergling x12  
  82  6:36  Roach  
  90  6:41  Roach  
  90  6:42  Roach  
  90  6:45  Zergling x2  
  90  6:46  Zergling x4  
  97  6:52  Zergling x8  
  101  6:56  Zergling x4  
  101  6:59  Zergling x2  
  101  7:00  Zergling x2  
  94  7:08  Zergling x8  
  94  7:09  Zergling x2  
  89  7:21  Zergling x16  
  75  7:30  Zergling x10  
  75  7:31  Ravager x2  
  75  7:32  Ravager  
  83  7:38  Drone x2  
  83  7:39  Drone  
  86  7:47  Drone  
  86  7:48  Drone  
  86  7:49  Drone  
  89  7:57  Overlord  
  89  8:01  Roach x4  
Tags
 
Add a new tag
Caveats
  • Supply blocks, unpowered buildings, or Contaminate may cause inaccurate times.
  • Supply counts are checked every 10 seconds.